 Dungeon Crawl Stone Soup version 0.28-a0-852-gbbce81c95b (webtiles) character file.

Game seed: 17179043279684565655

629 BlueGoblin the Magician (level 7, 0/47 HPs)
             Began as a Djinni Ice Elementalist on Nov 15, 2021.
             Slain by a killer bee (7 damage)
             ... on level 5 of the Dungeon.
             The game lasted 00:09:55 (6601 turns).

BlueGoblin the Magician (Djinni Ice Elementalist)   Turns: 6601, Time: 00:09:55

Health: 0/47       AC:  5    Str:  7    XL:     7   Next: 77%
Gold:   117        EV: 12    Int: 19    God:
                   SH:  0    Dex: 13

rFire   + + +      SeeInvis .   k - +0 dagger (drain)
rCold   . . .      Faith    .   (no shield)
rNeg    + . .      Spirit   .   d - +2 robe {rC+ rF+}
rPois   ∞          Reflect  .   (no helmet)
rElec   .          Harm     .   (no cloak)
rCorr   .          Rampage  .   q - +0 pair of gloves
Will    .....                   (boots unavailable)
Stlth   ++........              (no amulet)
HPRegen 0.15/turn               i - ring of positive energy
MPRegen 0.00/turn               (no ring)

@: flying, very slightly contaminated
A: sickness immunity, fire resistance 2, cold vulnerability 1, float, innate
caster, hp casting, extra vitality 1
a: no special abilities


You were on level 5 of the Dungeon.
You visited 1 branch of the dungeon, and saw 5 of its levels.

You collected 117 gold pieces.

Inventory:

Hand Weapons
 b - a +1 short sword
 k - a +0 dagger of draining (weapon)
Armour
 d - a +2 robe of resistance (worn)
 e - a +1 tower shield
 q - a +0 pair of gloves (worn)
Jewellery
 i - a ring of positive energy (left hand)
Wands
 n - a wand of flame (2)
 p - a wand of digging (4)
Scrolls
 j - a scroll of enchant weapon
 m - a scroll of enchant armour
Potions
 a - a potion of curing
 f - a potion of resistance
 g - 2 potions of lignification
 h - 2 potions of flight
 l - a potion of degeneration {unknown}
 o - a potion of berserk rage {unknown}


   Skills:
 + Level 1.2 Fighting
 + Level 3.0 Dodging
 - Level 1.5 Stealth
 + Level 6.6 Spellcasting


You had 2 spell levels left.
You knew the following spells:

 Your Spells              Type           Power      Damage    Failure   Level
a - Freeze                Ice            100%       1d11      1%          1
b - Frozen Ramparts       Ice            62%        1d8       1%          3
c - Ozocubu's Armour      Ice            31%        N/A       1%          3
d - Hailstorm             Conj/Ice       31%        3d8       7%          4
e - Beastly Appendage     Tmut           62%        N/A       1%          1
f - Poisonous Vapours     Pois/Air       62%        N/A       1%          2
g - Summon Guardian Gole  Hex/Summ       31%        N/A       1%          3
Your spell library was empty.

Dungeon Overview and Level Annotations

Branches:
Dungeon (5/15)
 Temple: D:4-7

Altars:

Annotations:
D:5 Grinder


Innate Abilities, Weirdness & Mutations

You are immune to sickness and miasma.
You are immune to poison.
Your flesh is very heat resistant. (rF++)
You are vulnerable to cold. (rC-)
You float through the air rather than walking.
You learn spells naturally, not from books.
Your magical power is your life essence.
You have superior vitality. (+4 HP)


Message History

Poisonous vapours surround the killer bee!
The killer bee is poisoned.
The killer bee buzzes angrily.
You hear an angry buzzing noise. x2
A killer bee comes into view.
Aiming: Poisonous Vapours (safe; 1% risk of failure)
Press: ? - help, Q - select action, (/) - cycle Dir - move target, f/p - killer bee
Aim: a killer bee (moderately wounded, very poisoned) Poisonous vapours surround the killer bee!
The killer bee looks as sick as possible!
The killer bee stings you. x2
You barely miss the killer bee.
The killer bee is heavily wounded.
A killer bee comes into view.
The killer bee stings you.
* * * LOW HITPOINT WARNING * * *
The killer bee stings you.
* * * LOW HITPOINT WARNING * * *
You hit the killer bee. You drain the killer bee.
You kill the killer bee!
It was a potion of curing.
You feel better. The killer bee misses you.
The killer bee stings you but does no damage.
Okay, then.
Aiming: Poisonous Vapours (safe; 1% risk of failure)
Press: ? - help, Q - select action, (/) - cycle Dir - move target, f - killer bee
Aim: a killer bee You miscast Poisonous Vapours.
You are very lightly contaminated with residual magic.
Nothing appears to happen.
The killer bee stings you!
* * * LOW HITPOINT WARNING * * *
The killer bee closely misses you.
Aiming: Poisonous Vapours (safe; 1% risk of failure)
Press: ? - help, Q - select action, (/) - cycle Dir - move target, f/p - killer bee
Aim: a killer bee Poisonous vapours surround the killer bee!
The killer bee is poisoned.
* * * LOW HITPOINT WARNING * * *
The killer bee stings you!
You die...

.......#### ..### ...#)o####
#... ......)..# #...
..#....#.### #...# ...#.#.....#
#... ##...#####.# #.. ##.###
#.##### ######
.#.....###)....######## #....#
...###........yy@.....####....#
#..# #####.######.............#
#........###.........#
.######........# ######....#
.........5.....# #....#
#######.....>..# #.>..#
#........# #....# #........#
###### #........#


You could see 2 killer bees.

Vanquished Creatures
  A black bear (D:4)
  2 scorpions
  A killer bee (D:5)
  A jelly (D:5)
  A hound (D:4)
  An orc priest (D:4)
  Ijyb (D:3)
  3 iguanas
  2 orc wizards
  3 adders
  A shadow imp (D:4)
  2 worms
  2 dart slugs
  14 orcs
  5 endoplasms
  5 giant cockroaches
  4 goblins
  3 hobgoblins
  8 kobolds
  3 quokkas
  8 ball pythons
  6 bats
  2 frilled lizards
  7 rats
86 creatures vanquished.

Notes
Turn   | Place    | Note
-------+----------+-------------------------------------------
     0 | D:1      | BlueGoblin the Djinni Ice Elementalist began the quest for
                  | the Orb.
     0 | D:1      | Reached XP level 1. HP: 15/15 MP: 0/0
   428 | D:1      | Reached XP level 2. HP: 18/21 MP: 0/0
  1381 | D:2      | Reached XP level 3. HP: 16/25 MP: 0/0
  1381 | D:2      | Learned a level 1 spell: Beastly Appendage
  1387 | D:2      | Reached skill level 4 in Spellcasting
  2329 | D:2      | Reached XP level 4. HP: 17/31 MP: 0/0
  3014 | D:3      | Noticed Natasha
  3027 | D:3      | Noticed Ijyb
  3035 | D:3      | Killed Ijyb
  3036 | D:3      | Reached XP level 5. HP: 26/36 MP: 0/0
  3036 | D:3      | Learned a level 2 spell: Poisonous Vapours
  4098 | D:3      | Reached skill level 1 in Fighting
  4098 | D:3      | Reached skill level 5 in Spellcasting
  4098 | D:3      | Reached XP level 6. HP: 35/42 MP: 0/0
  4953 | D:4      | Noticed a black bear
  4969 | D:4      | Killed a black bear
  5055 | D:4      | Reached XP level 7. HP: 41/47 MP: 0/0
  5055 | D:4      | Learned a level 3 spell: Summon Guardian Golem
  5202 | D:4      | Reached skill level 6 in Spellcasting
  6223 | D:5      | Entered Level 5 of the Dungeon
  6553 | D:5      | Noticed Grinder
  6601 | D:5      | Slain by a killer bee

Illustrated notes

Levels and vault maps discovered:
D:1:      minmay_arrival_shattered_statue, layout_basic, serial_curves,
          eino_curves_03, eino_curves_02, eino_curves_04, minmay_heptomino_l4
D:2:      layout_loops_cross
D:3:      layout_loops_cross, uniq_ijyb, uniq_natasha
D:4:      layout_basic, grunt_decor_cap, serial_park_tiny_1
D:5:      layout_rooms, grunt_temple_overflow_diamond, minmay_temple_entry_tees,
          uniq_grinder

Skill      XL: |  1  2  3  4  5  6  7 |
---------------+----------------------+-----
Spellcasting   | 4 5 6 |  6.6
Fighting       | 1 |  1.2
Dodging        | 3 |  3.0
Stealth        | |  1.5

Action                   |  1- 3 |  4- 6 |  7- 9 || total
-------------------------+-------+-------+-------++-------
Melee: Short sword       |    21 |     8 |     1 ||    30
       Headbutt          |     1 |       |       ||     1
       Dagger            |       |       |    22 ||    22
 Cast: Freeze            |    42 |    13 |    11 ||    66
       Beastly Appendage |     1 |       |       ||     1
       Poisonous Vapours |       |    62 |    35 ||    97
       Frozen Ramparts   |       |     1 |     5 ||     6
       Ozocubu's Armour  |       |       |     3 ||     3
       Summon Guardian G |       |       |     3 ||     3
  Use: Scroll            |     1 |     4 |     3 ||     8
       Potion            |       |       |     1 ||     1
 Stab: Sleeping          |     1 |     1 |       ||     2
Armor: Robe              |    12 |     5 |     9 ||    26
Dodge: Dodged            |    21 |    18 |    10 ||    49

Table legend: (Time is in decaauts)
 A = Elapsed time spent in this place.
 B = Non-inter-level travel time spent in this place.
 C = Inter-level travel time spent in this place.
 D = Time resting spent in this place.
 E = Time spent auto-exploring this place.
 F = Levels seen in this place.
 G = Mean time per level.
                   A        B        C        D        E       F      G
               +--------+--------+--------+--------+--------+-----+--------+
         Total |   6601 |   6484 |    117 |    882 |   4799 |   5 | 1320.2 |
       Dungeon |   6601 |   6484 |    117 |    882 |   4799 |   5 | 1320.2 |
               +--------+--------+--------+--------+--------+-----+--------+

Top non-repeatable levels by time:
     D:4: 1927 daAuts
     D:3: 1491 daAuts
     D:2: 1430 daAuts
     D:1: 1373 daAuts
     D:5: 377 daAuts
